Cogmind - Beta 13 @@@ ROGUE MODE // 2024.05.08 @ 17:30:26 Player: Lunace Result: Self-destructed Performance ------------- Evolutions (3) 1500 Regions Visited (10) 2000 Robots Destroyed (174) 870 Value Destroyed (6042) 6042 Prototype IDs (27) 540 Alien Tech Used (0) 0 Bonus (2911) 2911 TOTAL SCORE: 13863 Bonus ------- High Alert Combat Kills 1176 Follower Combat Kills 529 Entered Garrisons 200 Used RIF Installer 1000 Aligned with FarCom 300 Friendly Fire -294 Cogmind --------- Core Integrity 205/700 Matter 286/300 Energy 92/100 System Corruption 0% Temperature Cool (9) Movement Walking (130) Location -7/Factory Parts ------- > --- POWER (1) -------- (None) > --- PROPULSION (4) --- Improved Titanium Leg > --- UTILITY (6) ------ Medium Storage Unit Improved Signal Interpreter Relay Coupler [NC] (11) > --- WEAPON (2) ------- Power Maul > --- INVENTORY (10) --- Large Storage Unit Advanced Terrain Scan Processor Hacking Suite Relay Coupler [NC] (19) Relay Coupler [NC] (20) Relay Coupler [Sentry] (16) Corruption Screen Corruption Screen Long-range Tractor Beam Missile Launcher Peak State ------------ > --- POWER ------------ Nuclear Core > --- PROPULSION ------- Improved Carbon-fiber Leg Potential Leg Potential Leg > --- UTILITY ---------- Lightpack 2.0 Improved Medium Armor Plating Graphene Brace > --- WEAPON ----------- Improved Datajack Heavy Mace > --- INVENTORY -------- Improved Carbon-fiber Leg Improved Hover Unit Improved Hover Unit Improved Hover Unit Improved Hover Unit Improved Hover Unit Airjet Large Storage Unit Compact Matter Pod Compact Matter Pod Trap Scanner Improved Sensor Array Improved Signal Interpreter Improved Terrain Scan Processor Hardened Medium Armor Plating Hardened Medium Armor Plating Improved Medium Armor Plating Improved Medium Armor Plating Improved Medium Armor Plating Hacking Suite Hacking Suite Relay Coupler [NC] Relay Coupler [Swarmer] Relay Coupler [Swarmer] Relay Coupler [Swarmer] Relay Coupler [Grunt] Relay Coupler [Brawler] Relay Coupler [Duelist] Relay Coupler [Specialist] Corruption Screen Corruption Screen Corruption Screen Corruption Screen Long-range Tractor Beam Flak Cannon Improved Grenade Launcher Missile Launcher Missile Launcher [Rating: 85] Favorites ----------- Power Ion Engine Engine Ion Engine Power Core Nuclear Core Propulsion Potential Leg Treads Light Treads Leg Potential Leg Wheel Compact Wheel Hover Unit Improved Hover Unit Utility Light Armor Plating Device Improved Sensor Array Storage Lightpack 2.0 Processor Improved Signal Interpreter Hackware Relay Coupler [NC] Protection Light Armor Plating Weapon Grenade Launcher Energy Gun Backup Laser III Energy Cannon Advanced Beam Cannon Ballistic Gun Gauss Rifle Ballistic Cannon Flak Cannon Launcher Grenade Launcher Special Weapon Field Lobotomy Kit Impact Weapon Heavy Mace Special Melee Weapon Improved Datajack Build | -11 -10 -10 -9 -9 -9 -8 -8 -8 -8 -7 ------- Run | Yrd Mat Min Mat Min Exi Min Mat Gar Mat Fac Slots Evolved 6 | . . . 2 . . . 2 . . 2 Power . | . . . . . . . . . . . Propulsion 2 | . . . 1 . . . . . . 1 Utility 4 | . . . 1 . . . 2 . . 1 Weapon . | . . . . . . . . . . . Parts Attached 153 | 7 8 5 23 3 5 . 26 17 30 29 Power 14 | 1 . . 2 1 . . 2 1 3 4 Engine 9 | 1 . . 2 1 . . . . 3 2 Core 5 | . . . . . . . 2 1 . 2 Reactor . | . . . . . . . . . . . Propulsion 33 | 2 2 2 9 . 3 . 1 1 3 10 Treads 16 | 2 2 2 9 . 1 . . . . . Leg 8 | . . . . . 2 . 1 1 3 1 Wheel 3 | . . . . . . . . . . 3 Hover 6 | . . . . . . . . . . 6 Flight . | . . . . . . . . . . . Utility 59 | 2 3 1 7 2 1 . 8 9 14 12 Device 9 | 1 1 . . . . . 1 3 1 2 Storage 7 | 1 1 . 1 1 1 . . . . 2 Processor 5 | . 1 . 1 . . . . 1 1 1 Hackware 11 | . . . . . . . . . 5 6 Protection 27 | . . 1 5 1 . . 7 5 7 1 Artifact . | . . . . . . . . . . . Weapon 47 | 2 3 2 5 . 1 . 15 6 10 3 Energy Gun 2 | . . . . . . . 2 . . . Energy Cannon 3 | . . . 3 . . . . . . . Ballistic Gun 10 | 2 1 . . . . . 5 1 1 . Ballistic Cannon 11 | . 2 . . . . . 3 2 3 1 Launcher 11 | . . 2 1 . . . 3 2 3 . Special Weapon 4 | . . . . . 1 . 2 . . 1 Impact Weapon 3 | . . . . . . . . . 2 1 Slashing Weapon . | . . . . . . . . . . . Piercing Weapon . | . . . . . . . . . . . Special Melee Weapon 3 | . . . 1 . . . . 1 1 . Unidentified Prototypes 2 | . . . 1 . . . 1 . . . Parts Lost 29 | . . 2 3 . . . 2 4 2 16 Power 3 | . . . 1 . . . . . 1 1 Propulsion 8 | . . . . . . . . . . 8 Utility 11 | . . . 2 . . . 2 3 . 4 Weapon 7 | . . 2 . . . . . 1 1 3 Highest Loss Streak 7 | . . 2 1 . . . 2 3 1 7 To Critical Strikes . | . . . . . . . . . . . Average Slot Usage (%) 87 | . 100 97 97 91 89 77 79 80 79 80 Engine 6 | . 14 14 9 11 11 11 1 . 3 3 Core 3 | . . . . . . . 7 9 5 3 Treads 13 | . 28 28 32 33 22 11 1 . . . Leg 12 | . . . . . 10 22 25 27 27 . Hover 1 | . . . . . . . . . . 15 Device 3 | . 13 1 . . . . 2 3 2 6 Storage 10 | . 14 14 11 13 11 11 9 9 9 7 Processor 1 | . . . . . . . . 1 2 9 Hackware 2 | . . . . . . . . . 3 13 Protection 10 | . . 12 21 11 12 . 13 13 8 1 Energy Cannon 2 | . . . 6 11 11 11 . . . . Ballistic Gun 3 | . 16 . . . . . 7 4 1 . Ballistic Cannon 2 | . 11 . . . . . 5 4 . . Launcher 7 | . . 24 13 11 5 . 2 9 5 . Impact Weapon 1 | . . . . . . . . . 3 7 Special Melee Weapon 2 | . . . 1 . . . . . 7 3 Naked Turns . | . . . . . . . . . . . Heaviest Build 48 | 13 20 25 39 43 48 27 36 40 33 35 Greatest Support 78 | 40 40 40 66 60 60 60 72 78 78 29 Greatest Overweight (x) 7 | . . . . . 1 . . . . 7 Average Overweight (x) . | . . . . . . . . . . . Largest Inventory Capacity 40 | 8 10 10 15 15 40 40 40 40 40 40 Average Capacity 25 | 6 9 10 13 15 25 40 40 40 40 16 Most Carried 40 | 1 7 10 12 15 17 20 32 40 40 36 Average Carried 19 | . 3 8 9 13 15 17 25 34 37 12 Final Capacity 40 | 8 10 10 15 15 40 40 40 40 40 10 Final Carried 40 | 1 7 9 12 15 17 20 32 40 36 10 Class Distribution -------------------- 33% | Mutant 32% | Hauler-Mutant 16% | Bothacker-Mutant 15% | Scavenger-Mutant Dominant Class ---------------- Mutant | -10/Materials Mutant | -10/Mines Mutant | -9/Materials Scavenger-Mutant | -9/Mines Hauler-Mutant | -9/Exiles Hauler-Mutant | -8/Mines Hauler-Mutant | -8/Materials Hauler-Mutant | -8/Garrison Bothacker-Mutant | -8/Materials Scavenger-Mutant | -7/Factory Resources | -11 -10 -10 -9 -9 -9 -8 -8 -8 -8 -7 ----------- Run | Yrd Mat Min Mat Min Exi Min Mat Gar Mat Fac Matter Collected 4171 | 260 164 142 831 55 250 . 468 966 798 237 Remotely 586 | . . . . . . . 186 400 . . Salvage Created 4664 | 11 441 206 1250 97 . . 519 685 916 539 Parts 289 | 2 24 9 100 7 . . 24 40 67 16 Haulers Intercepted 7 | . 2 . . . . . 1 . 4 . Recyclers Shooed 3 | . . . 2 . . . . . . 1 Parts Field Recycled . | . . . . . . . . . . . Retrieved Matter . | . . . . . . . . . . . Parts Self-Destructed . | . . . . . . . . . . . Prevented . | . . . . . . . . . . . Kills | -11 -10 -10 -9 -9 -9 -8 -8 -8 -8 -7 ------- Run | Yrd Mat Min Mat Min Exi Min Mat Gar Mat Fac Combat Hostiles Destroyed 127 | . 11 6 42 1 . . 11 23 25 8 Melee 3 | . . . . . . . . . . 3 Guns 16 | . 8 . . . . . 3 4 1 . Cannons 23 | . 3 . 5 1 . . 6 5 3 . AOE 77 | . . 6 34 . . . 2 14 21 . Classes Destroyed 16 | 1 4 2 4 . . . 1 1 2 1 Worker 7 | . . 1 3 . . . . . 3 . Builder 6 | . . . . . . . . . 5 1 Tunneler 3 | 1 . . . . . . . . 2 . Hauler 7 | . 2 . . . . . 1 . 4 . Recycler 11 | . . . 3 1 . . . . 4 3 Mechanic 1 | . . . 1 . . . . . . . Operator 1 | . . . . . . . . . 1 . Watcher 10 | . 3 . 4 . . . 1 . 2 . Swarmer 28 | . 3 . 11 . . . . 3 10 1 Grunt 66 | . 8 4 23 1 . . 5 13 9 3 Duelist 4 | . . . 1 . . . 1 . 1 1 Protector 3 | . . . 2 . . . . . 1 . Sentry 19 | . . 2 5 . . . 3 5 4 . Specialist 2 | . . . . . . . . 2 . . Hunter 4 | . . . . . . . 2 . 1 1 Programmer 2 | . . . . . . . . . . 2 Best Kill Streak 13 | 1 5 2 11 1 . . 4 13 13 3 Combat Bots Only 13 | . 4 2 10 1 . . 4 13 7 2 Max Kills in Single Turn 5 | 1 2 2 3 1 . . 2 2 5 1 Gunslinging . | . . . . . . . . . . . Exploded 3 | . . 2 3 . . . 1 2 2 . Melee 1 | . . . . . . . . . . 1 Uniques/NPCs Destroyed . | . . . . . . . . . . . Combat | -11 -10 -10 -9 -9 -9 -8 -8 -8 -8 -7 -------- Run | Yrd Mat Min Mat Min Exi Min Mat Gar Mat Fac Hostile Shots Fired 631 | . 51 19 96 4 . . 72 96 72 221 Missed 179 | . 11 8 28 . . . 22 24 21 65 Damage Taken 6249 | . 494 194 1066 50 . . 900 834 971 1740 Core 1044 | . 45 42 79 . . . 78 108 197 495 Absorbed by Shields 8 | . . . . . . . . 8 . . Regen/Repaired (Parts) 175 | . . . . . . . 53 . 122 . Core Remaining (%) 68 | 100 . 65 . . . 80 . . 30 . Volleys Fired 344 | 2 51 7 87 13 . . 60 72 49 3 Largest 2 | 2 2 2 2 1 . . 2 2 1 1 Hottest 98 | 40 55 63 98 68 . . 78 83 44 48 Shots Fired 449 | 4 101 12 90 13 . . 79 98 49 3 Gun 161 | 4 69 2 . . . . 39 43 4 . Cannon 156 | . 32 1 46 11 . . 31 23 11 1 Launcher 125 | . . 9 44 2 . . 4 32 34 . Special 7 | . . . . . . . 5 . . 2 Kinetic 249 | 4 101 3 . . . . 59 66 15 1 Thermal 28 | . . . 6 11 . . 11 . . . Explosive 125 | . . 9 44 2 . . 4 32 34 . Electromagnetic 40 | . . . 40 . . . . . . . Robot Hit Streak 13 | 1 13 10 10 3 . . 8 8 11 2 Robot Miss Streak 5 | 1 4 1 3 2 . . 5 5 4 . Penetration Max 1 | . . . . . . . 1 1 1 . Secondary Targets . | . . . . . . . . . . . Shots Hit Robots 331 | 2 69 9 48 8 . . 57 48 60 30 Core Hits 285 | 2 29 22 76 4 . . 28 40 77 7 Critical Kills 4 | . 1 . . . . . . 1 1 1 Critical Parts Destroyed 4 | . . . . . . . . . 2 2 Critical Strikes 11 | . 3 . 1 . . . . 1 3 3 Destroy 2 | . 1 . . . . . . 1 . . Blast 2 | . 2 . . . . . . . . . Corrupt 1 | . . . 1 . . . . . . . Smash 6 | . . . . . . . . . 3 3 Melee Attacks 87 | . . . . . . . . . 32 55 Impact 67 | . . . . . . . . . 16 51 Slashing . | . . . . . . . . . . . Piercing . | . . . . . . . . . . . Sneak Attacks 19 | . . . . . . . . . 12 7 Combat Hostiles 1 | . . . . . . . . . 1 . Follow-up Attacks . | . . . . . . . . . . . Damage Inflicted 14290 | 13 803 384 3420 282 . . 1309 2376 4362 1341 Guns 1458 | 13 393 15 . . . . 477 521 39 . Cannons 2170 | . 410 16 700 146 . . 431 242 225 . Explosions 8407 | . . 351 2720 136 . . 382 1613 3205 . Melee 2179 | . . . . . . . . . 838 1341 Ramming 76 | . . 2 . . . . 19 . 55 . Kinetic 2640 | 13 803 31 . . . . 766 763 264 . Thermal 576 | . . . 102 146 . . 328 . . . Explosive 8221 | . . 351 2720 136 . . 196 1613 3205 . Electromagnetic 598 | . . . 598 . . . . . . . Impact 2179 | . . . . . . . . . 838 1341 Slashing . | . . . . . . . . . . . Piercing . | . . . . . . . . . . . Highest Corruption 5 | . 5 5 . . . . . . . . Average Corruption 4 | . 4 5 . . . . . . . . Corruption Purged . | . . . . . . . . . . . Corruption Blocked 2 | . . . . . . . . . . 2 Effects 24 | . 6 18 . . . . . . . . Message Errors 4 | . 2 2 . . . . . . . . Matter Fused 6 | . 1 5 . . . . . . . . Heat Flow Errors 1 | . . 1 . . . . . . . . Energy Discharges 3 | . 1 2 . . . . . . . . Parts Rejected 1 | . 1 . . . . . . . . . Data Loss (minor) 3 | . . 3 . . . . . . . . Data Loss (major) 4 | . 1 3 . . . . . . . . Misfires 2 | . . 2 . . . . . . . . Overload Shots . | . . . . . . . . . . . Overflow Damage 1029 | . . . 63 . . . 72 30 520 344 Projectiles 67 | . . . 26 . . . 10 . 31 . Explosions 261 | . . . 37 . . . 62 30 132 . Melee 701 | . . . . . . . . . 357 344 Knockbacks 32 | . 8 . . . . . 9 2 5 8 Impact 11 | . . . . . . . . . 3 8 Kinetic 16 | . 6 . . . . . 7 2 1 . Secondary 5 | . 2 . . . . . 2 . 1 . Self-Inflicted Damage 533 | . . 31 229 6 . . 107 53 107 . Shots 22 | . . 1 10 1 . . 3 3 4 . Rammed 1 | . . 1 . . . . . . . . Targets Rammed 13 | . . 1 . . . . 5 . 7 . Kicked 12 | . . . . . . . 5 . 7 . Crushed . | . . . . . . . . . . . Highest Temperature 481 | . 34 116 265 288 . . 481 319 82 4 Average Temperature 85 | . 12 32 74 120 . . 166 84 28 3 Received Heat Transfer 1884 | . 204 63 345 24 . . 396 183 306 363 Effects 12 | . . . 1 . . . 7 4 . . Shutdowns 3 | . . . . . . . 3 . . . Energy Bleed 2 | . . . 1 . . . 1 . . . Interference 5 | . . . . . . . 2 3 . . Damage (minor) 2 | . . . . . . . 1 1 . . Siege Activations . | . . . . . . . . . . . Robots Corrupted 3 | . . . 3 . . . . . . . Combat Hostiles 3 | . . . 3 . . . . . . . Parts Fried 13 | . . . 5 . . . . . 4 4 Impact Corruptions 27 | . . . . . . . . . 14 13 Robots Melted . | . . . . . . . . . . . Combat Hostiles . | . . . . . . . . . . . Parts Melted 1 | . . . . . . . . . 1 . Heat Transferred 803 | . . . 185 259 . . 359 . . . Parts Sabotaged . | . . . . . . . . . . . Parts Stolen . | . . . . . . . . . . . Parts Stripped . | . . . . . . . . . . . Power Chain Reactions . | . . . . . . . . . . . Alert | -11 -10 -10 -9 -9 -9 -8 -8 -8 -8 -7 ------- Run | Yrd Mat Min Mat Min Exi Min Mat Gar Mat Fac Peak Influence 1707 | 5 264 183 1002 463 . 6 201 1124 1707 856 Initial 757 | . 3 44 36 390 . . 1 83 547 757 Average 526 | . 104 122 586 450 . 5 99 624 1150 683 Maximum Alert Level 5 | . 1 . 3 2 . . 1 4 5 3 Low Security (%) 36 | 100 92 100 5 . . 100 90 10 . . Level 1 6 | . 7 . 7 . . . 9 26 . . Level 2 25 | . . . 65 99 . . . 6 9 60 Level 3 21 | . . . 20 . . . . 53 36 39 Level 4 7 | . . . . . . . . 3 36 . Level 5 3 | . . . . . . . . . 17 . High Security . | . . . . . . . . . . . Max Security . | . . . . . . . . . . . Squads Dispatched 36 | . 5 . 7 . . . 4 . 11 9 Investigation 7 | . 2 . 1 . . . 1 . 1 2 Extermination 2 | . . . . . . . . . . 2 Reinforcement 12 | . 3 . 3 . . . . . 4 2 Assault 8 | . . . 3 . . . . . 2 3 Garrison 7 | . . . . . . . 3 . 4 . Intercept . | . . . . . . . . . . . Searches Triggered . | . . . . . . . . . . . Construction Impeded 2 | . . . 2 . . . . . . . Haulers Reinforced . | . . . . . . . . . . . Active Scanning Responses . | . . . . . . . . . . . Cargo Convoy Interrupts . | . . . . . . . . . . . Stealth | -11 -10 -10 -9 -9 -9 -8 -8 -8 -8 -7 --------- Run | Yrd Mat Min Mat Min Exi Min Mat Gar Mat Fac Distress Signals 14 | . 2 . 2 . . . 5 . 5 . Communications Jammed 8 | . . . . . . . . . . 8 Distress Signals 8 | . . . . . . . . . . 8 Times Spotted 208 | . 19 5 52 5 . . 26 29 50 22 Peak Tracking Total 8 | . 5 2 6 3 . . 4 6 8 7 Tactical Retreats 10 | . 1 . 1 . . . 2 1 1 4 Traps | -11 -10 -10 -9 -9 -9 -8 -8 -8 -8 -7 ------- Run | Yrd Mat Min Mat Min Exi Min Mat Gar Mat Fac Traps Triggered 10 | . 6 . . . . . 1 1 1 1 Indirectly . | . . . . . . . . . . . Trap Hack Attempts 14 | . . . 8 . . . . 6 . . Triggered . | . . . . . . . . . . . Disarmed 1 | . . . . . . . . 1 . . Reprogrammed 1 | . . . 1 . . . . . . . Reused . | . . . . . . . . . . . Traps Extracted . | . . . . . . . . . . . Installed . | . . . . . . . . . . . Triggered . | . . . . . . . . . . . Machines | -11 -10 -10 -9 -9 -9 -8 -8 -8 -8 -7 ---------- Run | Yrd Mat Min Mat Min Exi Min Mat Gar Mat Fac Machines Disabled 29 | . . 1 6 . . . 3 10 7 2 Max in Single Turn 2 | . . 1 1 . . . 1 2 1 1 Garrison Access 3 | . . . . . . . . . 1 2 Garrison Relay 3 | . . . . . . . . 3 . . Machines Repaired . | . . . . . . . . . . . Machines Dismantled . | . . . . . . . . . . . Machines Sabotaged . | . . . . . . . . . . . Overloaded Fab Kills . | . . . . . . . . . . . Hacking | -11 -10 -10 -9 -9 -9 -8 -8 -8 -8 -7 --------- Run | Yrd Mat Min Mat Min Exi Min Mat Gar Mat Fac Machines Accessed 34 | . 4 . 6 . 2 1 6 3 8 4 Terminals 20 | . 2 . 5 . . 1 3 3 5 1 Fabricators . | . . . . . . . . . . . Repair Stations 3 | . . . . . . . 1 . 2 . Recycling Units 5 | . 2 . 1 . . . 1 . . 1 Scanalyzers . | . . . . . . . . . . . Garrison Access 4 | . . . . . . . 1 . 1 2 Total Hacks 76 | . 10 . 16 . 2 2 15 5 19 7 Successful 40 | . 4 . 8 . 2 1 9 3 8 5 Failed 36 | . 6 . 8 . . 1 6 2 11 2 Catastrophic 1 | . . . . . . . . . . 1 Database Lockouts . | . . . . . . . . . . . Manual 55 | . 6 . 13 . 1 2 14 . 14 5 Terminals 53 | . 7 . 14 . . 2 10 5 13 2 Fabricators . | . . . . . . . . . . . Repair Stations 5 | . . . . . . . 1 . 4 . Recycling Units 10 | . 3 . 2 . . . 3 . . 2 Scanalyzers . | . . . . . . . . . . . Garrison Access 6 | . . . . . . . 1 . 2 3 Terminal Hacks 10 | . . . 2 . 2 1 . 3 1 1 Record 1 | . . . . . 1 . . . . . Prototype ID Bank 1 | . . . 1 . . . . . . . Open Door 1 | . . . . . . . . 1 . . Emergency Access Points 1 | . . . . . . . . 1 . . Locate Traps 2 | . . . 1 . . . . . 1 . Zone Layout 2 | . . . . . . 1 . . . 1 Patrol Navigation 1 | . . . . . . . . 1 . . Derelict Proto ID Bank 1 | . . . . . 1 . . . . . Fabricator Hacks . | . . . . . . . . . . . Repair Station Hacks 2 | . . . . . . . . . 2 . Scan Component 1 | . . . . . . . . . 1 . Repair 1 | . . . . . . . . . 1 . Recycling Unit Hacks 1 | . . . . . . . 1 . . . Report Inventory 1 | . . . . . . . 1 . . . Scanalyzer . | . . . . . . . . . . . Garrison Access Hacks 3 | . . . . . . . 1 . 1 1 Unlock Access 1 | . . . . . . . 1 . . . Coupler Status 2 | . . . . . . . . . 1 1 Unauthorized Hacks 24 | . 4 . 6 . . . 7 . 4 3 Terminals 14 | . 2 . 5 . . . 4 . 3 . Botnet 13 | . 2 . 5 . . . 3 . 3 . Operators 1 | . . . . . . . 1 . . . Fabricators . | . . . . . . . . . . . Repair Stations 1 | . . . . . . . 1 . . . Mechanics 1 | . . . . . . . 1 . . . Recycling Units 6 | . 2 . 1 . . . 2 . . 1 Monitor 1 | . . . . . . . 1 . . . Recyclers 3 | . . . 1 . . . 1 . . 1 Tunnel 2 | . 2 . . . . . . . . . Scanalyzers . | . . . . . . . . . . . Garrison Access 3 | . . . . . . . . . 1 2 Eject 3 | . . . . . . . . . 1 2 Data Cores Recovered 1 | . . . . . . . . . 1 . Used . | . . . . . . . . . . . Hacking Detections 25 | . 2 . 6 . . 1 5 1 7 3 Full Trace Events 3 | . . . 1 . . . . 1 1 . Feedback Events . | . . . . . . . . . . . Feedback Blocked . | . . . . . . . . . . . Robot Schematics Acquired . | . . . . . . . . . . . Robots Built . | . . . . . . . . . . . Authchips . | . . . . . . . . . . . Time . | . . . . . . . . . . . Total Robot Build Rating . | . . . . . . . . . . . Part Schematics Acquired . | . . . . . . . . . . . Parts Built . | . . . . . . . . . . . Authchips . | . . . . . . . . . . . Time . | . . . . . . . . . . . Total Part Build Rating . | . . . . . . . . . . . Parts Repaired 1 | . . . . . . . . . 1 . Time 44 | . . . . . . . . . 44 . Parts Recycled . | . . . . . . . . . . . Recycled Matter . | . . . . . . . . . . . Retrieved Matter . | . . . . . . . . . . . Retrieved Components . | . . . . . . . . . . . Parts Scanalyzed . | . . . . . . . . . . . Part Schematics Acquired . | . . . . . . . . . . . Parts Damaged . | . . . . . . . . . . . Bothacking | -11 -10 -10 -9 -9 -9 -8 -8 -8 -8 -7 ------------ Run | Yrd Mat Min Mat Min Exi Min Mat Gar Mat Fac Used RIF Installer 2 | . . . . . . . . 2 . . Signal Jammer 1 | . . . . . . . . 1 . . Robots Hacked 16 | . . . . . . . . . 12 4 Non-combat 6 | . . . . . . . . . 3 3 Combat 10 | . . . . . . . . . 9 1 Robot Hacks Applied 17 | . . . . . . . . . 12 5 parse_system 1 | . . . . . . . . . 1 . no_distress 1 | . . . . . . . . . 1 . ignore_repairs 1 | . . . . . . . . . 1 . ignore_parts 1 | . . . . . . . . . . 1 purge_threat 1 | . . . . . . . . . . 1 reboot_system 1 | . . . . . . . . . 1 . overwrite_iff 2 | . . . . . . . . . 2 . formatsys_low 2 | . . . . . . . . . . 2 formatsys_high 7 | . . . . . . . . . 6 1 Relay Couplers Released 22 | . . . . . . . . 12 4 6 Ejected 10 | . . . . . . . . . 4 6 Machine Destruction 12 | . . . . . . . . 12 . . Attached 8 | . . . . . . . . . 5 3 Fabnet Peak Effective % . | . . . . . . . . . . . Robots Rewired 6 | . . . . . . . . 6 . . Allies Hacked . | . . . . . . . . . . . Hacks Repelled . | . . . . . . . . . . . Allies | -11 -10 -10 -9 -9 -9 -8 -8 -8 -8 -7 -------- Run | Yrd Mat Min Mat Min Exi Min Mat Gar Mat Fac Total Allies 27 | . . 3 . 1 . . 5 7 8 3 Largest Group 5 | . . 3 3 1 1 . 4 5 5 2 Highest-Rated Group 81 | . . 40 40 31 31 . 74 63 81 32 Highest-Rated Ally 31 | . . 16 16 31 31 . 23 20 18 26 Total Orders 7 | . . . . . . . 1 . 6 . STAY 2 | . . . . . . . . . 2 . FOLLOW 4 | . . . . . . . . . 4 . AID 1 | . . . . . . . 1 . . . Ally Attacks 144 | . . . 23 6 . . 12 19 82 2 Total Damage 1740 | . . . 229 61 . . 333 82 1017 18 Kills 25 | . . . 2 1 . . 2 4 16 . Allies Corrupted . | . . . . . . . . . . . Allies Melted . | . . . . . . . . . . . Field Lobotomies 5 | . . . . . . . 5 . . . Intel | -11 -10 -10 -9 -9 -9 -8 -8 -8 -8 -7 ------- Run | Yrd Mat Min Mat Min Exi Min Mat Gar Mat Fac Robot Analysis Total . | . . . . . . . . . . . Derelict Logs Recovered . | . . . . . . . . . . . Drone Launches . | . . . . . . . . . . . Drone Recoveries . | . . . . . . . . . . . Exploration | -11 -10 -10 -9 -9 -9 -8 -8 -8 -8 -7 ------------- Run | Yrd Mat Min Mat Min Exi Min Mat Gar Mat Fac Turns Passed 8006 | 68 803 633 1408 253 374 164 1088 865 1418 932 Spaces Moved 5067 | 37 396 376 706 134 295 179 665 539 985 755 Core 16 | 6 . . . . . . . . . 10 Treads 1764 | 31 396 376 706 134 121 . . . . . Legs 2544 | . . . . . 174 179 665 539 985 2 Wheels 266 | . . . . . . . . . . 266 Hover 477 | . . . . . . . . . . 477 Flight . | . . . . . . . . . . . Fastest Speed 48 | 50 160 160 160 160 90 90 90 90 100 48 Average Speed 115 | 142 160 160 160 160 118 90 90 99 100 81 Slowest Speed 400 | 160 160 160 160 160 170 90 90 100 105 400 Overloaded Moves . | . . . . . . . . . . . Propulsion Burnouts . | . . . . . . . . . . . Robots Hopped . | . . . . . . . . . . . Cave-ins Triggered . | . . . . . . . . . . . Exploration Rate (%) 52 | 5 68 80 64 31 68 53 52 59 82 16 Regions Visited 10 Branch Regions 4 Pre-discovered Areas 4 | . 2 . . 1 1 . . . . . Known Exits Taken 2 | . . . . . . . 1 . 1 . Unknown Exits Taken 7 | 1 1 1 1 1 1 1 . . . . Scrap Searched 1 | . . . . . . 1 . . . . Spaces Dug 20 | . . . . . . . . 11 . 9 Terrain Destroyed 628 | . . 68 209 15 . . 29 84 214 9 Melee 9 | . . . . . . . . . . 9 Projectile 2 | . . . . . . . 2 . . . AOE 617 | . . 68 209 15 . . 27 84 214 . Terrain Rammed . | . . . . . . . . . . . Walls Destroyed . | . . . . . . . . . . . Machines Disabled . | . . . . . . . . . . . Actions | -11 -10 -10 -9 -9 -9 -8 -8 -8 -8 -7 --------- Run | Yrd Mat Min Mat Min Exi Min Mat Gar Mat Fac Total 6627 | 46 476 396 896 160 318 181 1070 763 1335 986 Wait 663 | . 13 4 46 4 . . 266 44 192 94 Move 5058 | 36 395 375 705 133 294 178 665 538 984 755 Hop . | . . . . . . . . . . . Pick Up 112 | 1 5 3 10 4 12 3 27 15 17 15 Fast Attach 59 | 7 6 1 3 2 4 . 10 4 10 12 Attach 36 | . . 2 6 . . . 6 6 3 13 Detach 8 | . . . . 1 . . 2 4 1 . Swap 58 | . 2 2 14 1 1 . 10 7 17 4 Drop 112 | . 4 1 17 2 7 . 19 4 23 35 Fire 344 | 2 51 7 87 13 . . 60 72 49 3 Melee 87 | . . . . . . . . . 32 55 Ram . | . . . . . . . . . . . Kick 12 | . . . . . . . 5 . 7 . Crush 1 | . . 1 . . . . . . . . Escape Stasis . | . . . . . . . . . . . Rewire 63 | . . . . . . . . 63 . . Trap 14 | . . . 8 . . . . 6 . . Miscellaneous . | . . . . . . . . . . . Route ------- -11/Scrapyard -10/Materials (discovered 3 exits: *Mat x2 / [*Min]) -10/Mines (discovered 2 exits: *Mat x2) -9/Materials (discovered 3 exits: *Mat x2 / [*Min]) -9/Mines (discovered 2 exits: *Mat / *Exi) -9/Exiles -8/Mines -8/Materials (discovered 2 exits: *Fac / Gar) -8/Garrison -8/Materials (discovered 2 exits: *Fac / *Sto) -7/Factory History --------- Turn | Location | Event 16 | -11/Scrapyard | Discovered new exit (range 15) 69 | -11/Scrapyard | Entered Materials 278 | -10/Materials | Discovered new exit (range 5) 302 | -10/Materials | Build established: Mutant 410 | -10/Materials | Discovered new exit (range 3) 800 | -10/Materials | Discovered new exit (range 16) 872 | -10/Materials | Entered Mines 983 | -10/Mines | Received a Rocket Launcher from a helpful Derelict 1153 | -10/Mines | Discovered new exit (range 3) 1206 | -10/Mines | Assisted by bots powering up and referring to "LRC-V3" 1365 | -10/Mines | Discovered new exit (range 5) 1505 | -10/Mines | Entered Materials 1505 | -9/Materials | Accompanied by 3 allies 1505 | -9/Materials | Evolved 2 slots: Propulsion x1, Utility x1 1747 | -9/Materials | Destroyed 8 combat bots 1948 | -9/Materials | Discovered new exit (range 8) 2158 | -9/Materials | Discovered new exit (range 16) 2305 | -9/Materials | First assault squad dispatched 2792 | -9/Materials | Destroyed 10 combat bots 2873 | -9/Materials | Discovered new exit (range 6) 2913 | -9/Materials | Entered Mines 2917 | -9/Mines | Build established: Scavenger-Mutant 2921 | -9/Mines | Escorted by a lone wolf Derelict 2937 | -9/Mines | YI-UF0 nonchalantly dropped a Grenade Launcher on the ground 2941 | -9/Mines | Learned location of Storage (-8) 2991 | -9/Mines | Discovered new exit (range 11) 3158 | -9/Mines | Deemed a non-threat by the Exiles lab entrance 3160 | -9/Mines | Discovered new exit (range 5) 3166 | -9/Mines | Entered Exiles 3166 | -9/Exiles | Accompanied by 1 ally 3206 | -9/Exiles | Met 8R-AWN 3234 | -9/Exiles | Met EX-HEX 3283 | -9/Exiles | Met EX-BIN 3301 | -9/Exiles | Aligned with FarCom system 3302 | -9/Exiles | Given EX-Vault access code 3339 | -9/Exiles | Opened EX-Vault 3353 | -9/Exiles | Found Field Lobotomy Kit 3363 | -9/Exiles | Found Potential Leg 3366 | -9/Exiles | Found Potential Leg 3375 | -9/Exiles | Found Lightpack 2.0 3422 | -9/Exiles | Warned to stay clear of 0b10 Research branches 3481 | -9/Exiles | Met EX-DEC 3496 | -9/Exiles | Learned location of Zion (-7) 3528 | -9/Exiles | Discovered new exit (range 15) 3540 | -9/Exiles | Stole three prototypes: Potential Leg, Field Lobotomy Kit, Lightpack 2.0 3540 | -9/Exiles | Entered Mines 3662 | -8/Mines | Build established: Hauler-Mutant 3696 | -8/Mines | Discovered new exit (range 10) 3704 | -8/Mines | Entered Materials 3704 | -8/Materials | Evolved 2 slots: Utility x2 3725 | -8/Materials | Assimilated Y-45 Defender with FLK Orb 3874 | -8/Materials | Assimilated M-28 Smith with FLK Orb 4062 | -8/Materials | Discovered new exit (range 15) 4133 | -8/Materials | Assimilated Y-45 Defender with FLK Orb 4168 | -8/Materials | Assimilated Y-45 Defender with FLK Orb 4191 | -8/Materials | Assimilated H-55 Commando with FLK Orb 4274 | -8/Materials | Lost 4 allies 4564 | -8/Materials | Garrison activated, responded to threat 4792 | -8/Materials | Identified exit to Garrison 4792 | -8/Materials | Entered Garrison 4856 | -8/Garrison | Triggered checkpoint 4917 | -8/Garrison | Lost 3 parts (2u1w) 4930 | -8/Garrison | Destroyed 8 combat bots 4937 | -8/Garrison | Garrison Relay disabled 4959 | -8/Garrison | Rescued a captive Derelict 4997 | -8/Garrison | Installed Relay Interface Framework 5037 | -8/Garrison | Expanded RIF knowledge: Signal Jamming 5092 | -8/Garrison | Triggered checkpoint 5134 | -8/Garrison | Triggered checkpoint 5141 | -8/Garrison | Triggered checkpoint 5161 | -8/Garrison | Triggered checkpoint 5186 | -8/Garrison | Destroyed 13 combat bots 5313 | -8/Garrison | Garrison Relay disabled 5356 | -8/Garrison | Triggered checkpoint 5397 | -8/Garrison | Triggered checkpoint 5421 | -8/Garrison | Garrison Relay disabled 5649 | -8/Garrison | Discovered new exit (range 6) 5650 | -8/Garrison | Triggered checkpoint 5657 | -8/Garrison | Entered Materials 5657 | -8/Materials | Accompanied by 5 allies 6071 | -8/Materials | Discovered new exit (range 15) 6159 | -8/Materials | Build established: Bothacker-Mutant 6266 | -8/Materials | Repaired Gauss Rifle 6457 | -8/Materials | First assault squad dispatched 6469 | -8/Materials | Lost 3 allies 6475 | -8/Materials | Garrison activated, responded to threat 6523 | -8/Materials | Destroyed 7 combat bots 6710 | -8/Materials | Core integrity fell below 50% 6720 | -8/Materials | Discovered new exit (range 14) 6790 | -8/Materials | Garrison activated, responded to threat 6880 | -8/Materials | Identified exit to Storage 7072 | -8/Materials | Identified exit to Factory 7075 | -8/Materials | Entered Factory 7075 | -7/Factory | Accompanied by 2 allies 7075 | -7/Factory | Evolved 2 slots: Propulsion x1, Utility x1 7077 | -7/Factory | FarCom data flow suspended 7475 | -7/Factory | First assault squad dispatched 7552 | -7/Factory | Lost 3 parts (2n1w) 7744 | -7/Factory | Lost 3 parts (1n1u1w) 7849 | -7/Factory | Build established: Scavenger-Mutant 7996 | -7/Factory | Core integrity fell below 50% 8007 | -7/Factory | Self-destructed Last Messages --------------- 07952_ G-47 Trooper system terminally corrupted. 07952_ Aluminum Leg fried. 07957_ Slug penetrates Wall. 07960_ Critical hit (Destroy). 07960_ Wheel destroyed. 07963_ Penetrated by Slug. 07964_ U-05 Engineer builds a Wall. 07970_ Slug penetrates Wall. 07974_ Hrd. Medium Armor Plating destroyed. 07978_ Mic. Nuclear Core destroyed. 07978_ Gravmag System destroyed. 07978_ System Shield destroyed. 07981_ Slug penetrates Wall. 07984_ Penetrated by Slug. 07995_ Imp. Sensor Array destroyed. 07995_ Gauss Cannon destroyed. 07997_ Slug penetrates Wall. 08000_ M-28 Smith repairs Lgt. Nuclear Core. 08000_ Penetrated by Slug. 08003_ Acquired Imp. Titanium Leg. Map ----- +----------------------------------------------------+ | ????????# """ """ """ #??"""" """" """" | | ########## """ """ """ #? """" """" """" | | + """ """ """ # """" """" """" | | ####### # | | #?????# | # r | | #?????########/#########+#####/######### | | #????????????# #### #???????# | | #????????????# + #???????# | | #????????????###### """" """" #???????? | | ### #?????????????????# """" """" #???????? | | ??# #?????????????????# """" """" #???????? | | ??# #########?????????# """" """" #???????? | | ?#####+## #?????????# """" """" #???????? | | ?# # #?????????# """" """" #???????? | | ?# """ + !/ +?????????# #???????? | | ?# " # !/ #?????????# ? ? #???????? | | ?# """! # /! #?????????# ? ? #???????? | | ?# # #?????????? ? ? #???????? | | ?#[ ] # """ #???#########??+##??####???????? | | ?##"##### """ #??? ????????????????????? | | ??##???## """ #???? !???????????????????### | | ######### #???? /???????????????????# | | # #?????! ????????????????????# | | # #####+##### #????? ????????????????????# ^ | | ??????#% ! ## #??####/####??# ############## ^ | | ??????# ## #??# @ #### | | ??????# ## #### | | ??????# ## Y | | ??????# ## hgm ############ | | ??????# ## #??????????# | | ??????# ########### #??????????# | | ??????# #?????????# ########??????????### | | ??????# #?????????#########???????????????????? | | ??????######?????????????????????????????????????? | | ?????????????????????????????????????????????????? | | ?????????????????????????????????????????????????? | | ?????????????????????????????????????????????????? | | | | | | | | | | | | | | | | | | | | | | | | | | | +----------------------------------------------------+ Best States ------------- Heat Dissipation 34 Energy Generation 16 Energy Capacity 290 Matter Stores 450 Matter Capacity 450 Sight Range 18 Robot Scan Range 15 Terrain Scan Density 10 Corruption Block 8 Armor Coverage 450 Evasion (%) 57 Launcher Accuracy 20 Recoil Reduction 3 Offensive Hacking 20 Defensive Hacking 10 Relay Coupler Types 1 Relay Coupler Value 33 Item Schematics ----------------- None Robot Schematics ------------------ None Fabricated ------------ Nothing Alien Tech Used ----------------- None Achievements -------------- None Challenges ------------ None Game ------ Seed ReflectiveShadeStorm Manual? 0 Play Time 01:19:46 Cumulative 165.0 hours Start 2024.05.06 @ 17:51:28 End 2024.05.08 @ 17:30:26 Sessions 3 Manual Loads 0 Difficulty Rogue Special Mode None Game No. 159 Rogue 154 Adventurer 5 Explorer 0 Win Type - Total 3 Types 2/0/0/1/0/0/0/0/0 Lore% 53 Gallery% 72 Achievement% 55 Wizard Run 0 Options --------- Layout 1 ASCII 0 Keyboard 0 Movement Mouse Keybinds 0 Fullscreen 1 Font 24/Terminus Map View 50x35 Zoom Use 0% Tactical HUD 1 Map Filters NONE Filters NONE Steam 1 RUN: 2e338317-2113-4fc9-9f63-24f612b8dbdc